 Dungeon Crawl Stone Soup version 0.21.1-1-g345015f (webtiles) character file.

21 inc the Sneak (level 2, 0/17 HPs)
             Began as an Octopode Enchanter on Apr 27, 2018.
             Slain by a hobgoblin
             ... wielding a +0 club
              (4 damage)
             ... on level 1 of the Dungeon.
             The game lasted 00:00:57 (1096 turns).

inc the Sneak (Octopode Enchanter)                  Turns: 1096, Time: 00:00:58

Health: 0/17       AC:  1    Str:  7    XL:     2   Next: 83%
Magic:  5/5        EV: 13    Int: 17    God:
Gold:   56         SH:  0    Dex: 12    Spells: 2/5 levels left

rFire    . . .     SeeInvis .   g - +2 short sword (elec)
rCold    . . .     Gourm    .   (no shield)
rNeg     . . .     Faith    .   (helmet restricted)
rPois    .         Spirit   .   (no amulet)
rElec    .         Reflect  .   (no ring)
rCorr    .         Harm     .   (no ring)
MR       .....                  (no ring)
Stlth    +++.......             (no ring)
HPRegen  0.05/turn              (no ring)
MPRegen  0.09/turn              (no ring)
                                (no ring)
                                (no ring)

@: no status effects
A: almost no armour, stealthy swim, amphibious, 8 rings, constrict 8, camouflage
1, gelatinous body 1
a: no special abilities


You were on level 1 of the Dungeon.
You were hungry.

You visited 1 branch of the dungeon, and saw 1 of its levels.

You collected 56 gold pieces.

Inventory:

Hand Weapons
 a - a +1 dagger
 g - a +2 short sword of electrocution (weapon)
Jewellery
 f - an uncursed amulet of guardian spirit {unknown}
Scrolls
 h - a scroll of remove curse {unknown}
 i - a scroll of identify {unknown}
Potions
 d - a potion of resistance {unknown}
 e - a potion of agility {unknown}
 j - a potion of curing {unknown}
Books
 b - a book of Maledictions

   Spells                             Type                      Level
   a - Corona                         Hexes                        1
   b - Ensorcelled Hibernation        Hexes/Ice                    2
   c - Confuse                        Hexes                        3
   d - Tukima's Dance                 Hexes                        3
   e - Dazzling Spray                 Conjuration/Hexes            3
Comestibles
 c - 3 rations


   Skills:
 + Level 2.7 Short Blades
 - Level 2.0 Dodging
 - Level 4.0 Stealth
 - Level 2.0 Spellcasting
 - Level 3.0 Hexes


You had 2 spell levels left.
You knew the following spells:

 Your Spells              Type           Power        Failure   Level  Hunger
a - Corona                Hex            ##.....      5%          1    #......
b - Ensorcelled Hibernat  Hex/Ice        #.....       16%         2    ###....


Dungeon Overview and Level Annotations

Branches:
Dungeon (1/15)

Altars:


Innate Abilities, Weirdness & Mutations

You cannot wear most types of armour.
You are very stealthy in the water. (Stealth+)
You are amphibious.
You can wear up to eight rings at the same time.
You can use your tentacles to constrict eight enemies at once.
Your skin changes colour to match your surroundings (Stealth+).
Your rubbery body absorbs attacks. (AC +1, EV +1)


Message History

A hobgoblin comes into view. It is wielding a club.
The kobold closely misses you.
Things that are here:
a club; 2 stones; a kobold corpse You closely miss the kobold.
The hobgoblin shouts!
You grab the kobold. You constrict the kobold. The kobold misses you.
You hit the kobold.
You kill the kobold!
You are feeling hungry.
You barely miss the rat. You grab the rat. You constrict the rat.
The rat closely misses you.
You hit the rat.
You kill the rat!
You barely miss the hobgoblin. Your grab misses the hobgoblin.
The hobgoblin hits you but does no damage.
You hit the hobgoblin. Your grab misses the hobgoblin.
The hobgoblin is heavily wounded.
The hobgoblin hits you with a club.
You die...

.. #########...##
### #....... #
#.....#...## #.
#.#####..### ...
#.##.....# >...
##.#..##..# .....
###....####....
......####....###
#.##.
......g@(...###
#.# ......###..##
#.# ..... ##.##
#.. .... #..# ..
... #### .. .


You could see a hobgoblin.

Vanquished Creatures
  A worm (D:1)
  A dart slug (D:1)
  2 bats (D:1)
  A goblin (D:1)
  2 hobgoblins (D:1)
  2 jackals (D:1)
  5 kobolds (D:1)
  A rat (D:1)
15 creatures vanquished.

Notes
Turn   | Place    | Note
-------+----------+-------------------------------------------
     0 | D:1      | inc the Octopode Enchanter began the quest for the Orb.
     0 | D:1      | Reached XP level 1. HP: 11/11 MP: 3/3
   442 | D:1      | Reached XP level 2. HP: 1/17 MP: 5/5
   822 | D:1      | Learned a level 2 spell: Ensorcelled Hibernation
  1096 | D:1      | Slain by a hobgoblin

Skill      XL: |  1 |
---------------+----+-----
Short Blades   | 2 |  2.7
Dodging        | |  2.0
Stealth        | |  4.0
Spellcasting   | |  2.0
Hexes          | |  3.0

Action                   || total
-------------------------++-------
Melee: Dagger            ||    37
       Tentacles         ||    10
       Constrict         ||    12
       Short sword       ||    12
 Stab: Sleeping          ||     2
Armor: Skin              ||     9
Dodge: Dodged            ||    45
